 Dungeon Crawl Stone Soup version 0.30-a0-304-gdc4b735fe1 (webtiles) character file.

Game seed: 2881384461864865071

12235 Harunobu the Fighter (level 11, 0/104 HPs)
             Began as a Minotaur Monk on Oct 20, 2022.
             Was a High Priest of Okawaru.
             Slain by a hell knight
             ... wielding a +1 scimitar of flaming
              (4 damage)
             ... in a volcano.
             The game lasted 00:23:32 (11639 turns).

Harunobu the Fighter (Minotaur Monk)               Turns: 11639, Time: 00:23:33

Health: 0/104      AC: 18    Str: 21    XL:     11   Next: 59%
Magic:  18/19      EV: 18    Int:  4    God:    Okawaru [*****.]
Gold:   298        SH:  0    Dex: 19    Spells: 10/10 levels left

rFire   . . .      SeeInvis .    N - +9 dire flail "Duwnut" {flame, rN+ MP+9}
rCold   . . .      Faith    .    (shield currently unavailable)
rNeg    + . .      Spirit   .    a - +5 plate armour of Resourcefulness {*Corrode Regen+ Dex+4}
rPois   +          Reflect  .    (helmet restricted)
rElec   .          Harm     .    (no cloak)
rCorr   +          Rampage  .    (no gloves)
Will    .....                    D - +0 pair of boots
Stlth   ++........               (no amulet)
HPRegen 1.17/turn                u - +4 ring of evasion
MPRegen 0.16/turn                C - ring of Lawohoxay {rPois rCorr AC+4 Str+3 Int-3}

@: heroic, corroded
A: horns 2, retaliatory headbutt
a: Renounce Religion, Heroism, Finesse, Duel


You were in a volcano.
You worshipped Okawaru.
Okawaru was extremely pleased with you.
You visited 3 branches of the dungeon, and saw 13 of its levels.
You also visited: Volcano.

You collected 876 gold pieces.
You spent 578 gold pieces at shops.

Inventory:

Hand Weapons
 o - a +0 short sword of venom
 s - the +8 halberd "Spiderslayer" {elec, Str+2}
   (You found it on level 4 of the Dungeon)

   It occasionally discharges a powerful burst of electricity upon striking a
   foe.
   Str:       It affects your strength (+2).
 F - the +8 rapier "Ilaot" {vorpal, rN+ Dex+4}
   (You found it on level 6 of the Dungeon)

   It inflicts extra damage upon your enemies.
   Dex:       It affects your dexterity (+4).
   rN:        It protects you from negative energy.
 N - the +9 dire flail "Duwnut" (weapon) {flame, rN+ MP+9}
   (Okawaru gifted it to you on level 9 of the Dungeon)

   It burns those it strikes, dealing additional fire damage.
   rN:        It protects you from negative energy.
   MP:        It affects your magic capacity (+9).
 T - the +4 great mace of the Lurker {vamp, Fly rC+ Will+}
   (Okawaru gifted it to you in a volcano)

   It occasionally heals its wielder for a portion of the damage dealt when it
   wounds a living foe.
   rC:        It protects you from cold.
   Fly:       It grants you flight.
   Will:      It increases your willpower.
Armour
 a - the +5 plate armour of Resourcefulness (worn) {*Corrode Regen+ Dex+4}
   (You bought it in a shop on level 4 of the Dungeon)

   Dex:       It affects your dexterity (+4).
   Regen:     It increases your rate of health regeneration.
   *Corrode:  It may corrode you when you take damage.
 d - a +0 scale mail
 D - a +0 pair of boots (worn)
 G - a +0 pair of boots
 O - a +0 tower shield
Jewellery
 p - an amulet of magic regeneration
 u - a +4 ring of evasion (left hand)
 C - the ring of Lawohoxay (right hand) {rPois rCorr AC+4 Str+3 Int-3}
   (You found it on level 6 of the Dungeon)

   [ring of protection]

   AC:        It affects your AC (+4).
   Str:       It affects your strength (+3).
   Int:       It affects your intelligence (-3).
   rPois:     It protects you from poison.
   rCorr:     It protects you from acid and corrosion.
 E - a ring of flight
Wands
 n - a wand of flame (51)
 H - a wand of paralysis (8)
 J - a wand of acid (5)
Scrolls
 b - a scroll of immolation {unknown}
 e - a scroll of identify
 f - 2 scrolls of enchant armour {unknown}
 j - a scroll of noise {unknown}
 k - 6 scrolls of teleportation
 q - a scroll of torment {unknown}
 r - a scroll of brand weapon
 w - 3 scrolls of vulnerability {unknown}
 x - 3 scrolls of amnesia
 y - a scroll of blinking
 B - a scroll of magic mapping
 I - 4 scrolls of enchant weapon
 P - a scroll of poison
Potions
 c - 6 potions of ambrosia
 g - 2 potions of might
 h - a potion of cancellation
 l - 3 potions of haste
 m - 4 potions of curing
 v - a potion of resistance
 z - a potion of magic
 A - 2 potions of attraction
 K - 2 potions of flight
 L - a potion of brilliance
 M - a potion of lignification
 Q - a potion of mutation
 R - a potion of degeneration {unknown}
 S - a potion of invisibility {unknown}
Miscellaneous
 t - a lightning rod (4/4)


   Skills:
 + Level 12.3(17.3) Fighting
 - Level 3.6(8.6) Maces & Flails
 - Level 9.1(14.1) Polearms
 + Level 11.3(16.3) Dodging
 + Level 9.3(14.3) Stealth


You had 10 spell levels left.
You didn't know any spells.
Your spell library contained the following spells:

 Spells                   Type           Power      Damage    Failure   Level
 Beastly Appendage        Tmut           0%         N/A       100%        1
 Necrotise                Necr           0%         1d4       100%        1
 Sting                    Tmut/Pois      0%         1d3       100%        1
 Poisonous Vapours        Pois/Air       0%         N/A       100%        2
 Wereblood                Tmut           0%         N/A       100%        2
 Inner Flame              Hex/Fire       0%         N/A       100%        3
 Portal Projectile        Hex/Tloc       0%         N/A       100%        3
 Spider Form              Tmut/Pois      0%         N/A       100%        3
 Vampiric Draining        Necr           0%         2d6       100%        3
 Flame Wave               Conj/Fire      0%         2d4       100%        4
 Leda's Liquefaction      Hex/Erth       0%         N/A       100%        4
 Olgreb's Toxic Radiance  Pois           0%         N/A       100%        4
 Passage of Golubria      Tloc           0%         N/A       100%        4
 Sticky Flame             Conj/Fire      0%         2d3       100%        4
 Agony                    Necr           0%         N/A       100%        5
 Silence                  Hex/Air        0%         N/A       100%        5
 Ozocubu's Refrigeration  Ice            0%         4d7       100%        7
 Ignition                 Fire           0%         3d3       100%        8
 Lehudib's Crystal Spear  Conj/Erth      0%         10d2      100%        8
 Call Canine Familiar     Summ           Unusable   N/A       N/A         3

Dungeon Overview and Level Annotations

Branches:
Dungeon (10/15)            Temple (1/1) D:5            Lair (2/5) D:10
Volcano (1/1)
  Swamp: Lair:2-3    Shoals: Lair:2-3     Snake: Lair:2-3    Spider: Lair:2-3
    Orc: D:9-12

Altars:
Ashenzari
Cheibriados
Dithmenos
Elyvilon
Fedhas
Gozag
Hepliaklqana
Kikubaaqudgha
Makhleb
Nemelex Xobeh
Okawaru
Qazlal
Ru
Sif Muna
Trog
Uskayaw
Vehumet
Wu Jian
Xom
Yredelemnul
Zin
The Shining One

Shops:
D:4 [   D:5 *   D:10 *

Annotations:
Volcano exclusion: obsidian statue


Innate Abilities, Weirdness & Mutations

You have a pair of horns on your head.
You reflexively headbutt those who attack you in melee.


Message History

The hell knight burns you!
You sock the hell knight! Your headbutt misses the hell knight.
The hell knight is moderately wounded.
The hell knight misses you.
The hell knight hits you with a +1 scimitar of flaming!
The hell knight burns you!
You fail to use your ability.
The hell knight hits you with a +1 scimitar of flaming!
The hell knight burns you.
* * * LOW HITPOINT WARNING * * *
You feel much better. The hell knight closely misses you.
The hell knight hits you but does no damage.
You hit the hell knight. Your headbutt misses the hell knight.
The hell knight is moderately wounded.
The hell knight hits you but does no damage.
You bludgeon the hell knight!! You headbutt the hell knight!
The hell knight is almost dead.
The hell knight hits you with a +1 scimitar of flaming.
The hell knight burns you.
You hit the hell knight.
The hell knight is almost dead.
The hell knight calls down the wrath of its god upon you.
The bolt of fire hits you!!
* * * LOW HITPOINT WARNING * * *
The hell knight invokes the aid of its god against you.
The bolt of fire misses you.
You feel much better.
The hell knight hits you with a +1 scimitar of flaming!!
* * * LOW HITPOINT WARNING * * *
The hell knight burns you.
* * * LOW HITPOINT WARNING * * *
You feel much better.
The hell knight hits you with a +1 scimitar of flaming!!
* * * LOW HITPOINT WARNING * * *
Your corrosive artefact corrodes you!
The hell knight burns you.
* * * LOW HITPOINT WARNING * * *
The hell knight hits you with a +1 scimitar of flaming!
* * * LOW HITPOINT WARNING * * *
The hell knight burns you.
You die...

##.≈≈≈≈≈≈§≈≈§§≈≈§≈.§..
#§...≈§≈§§≈≈§≈≈≈≈.§..#
###..≈≈≈≈§§§≈§≈≈≈..###
#....§≈§§§§≈≈≈..##
#....§.≈§≈§§...##
##.....)≈§§≈...#
#...##).≈≈...##
#8.8##..§...##
##@#####...## #p#
#..## #'######## ###
#.....c..##
c8##########..#
..#○#≈#≈#☼##.#
#.#○#≈#≈#☼##.#
#.#≈#≈#≈#☼#..#
#...c...○°#8#


You could see a hell knight (fast, strong).

Vanquished Creatures
  A centaur warrior (Volcano)
  Erica (D:8)
  Pikel (D:5)
  An oklob plant (D:10)
  A rime drake (Lair:1)
  Maggie (Lair:1)
  3 cane toads
  Psyche (D:9)
  A yaktaur (Volcano)
  A komodo dragon (Lair:1)
  A shadow (D:10)
  15 yaks
  A wyvern (D:10)
  6 fire bats (Volcano)
  The ghost of Smoky173 the Slasher, an amateur DsGl (D:4)
  Menkaure (D:5)
  An acid dragon (D:10)
  2 water moccasins
  A sky beast (D:8)
  2 orc warriors (D:9)
  A black bear (D:7)
  3 centaurs
  6 ogres
  A lemure (D:5)
  A phantom (D:7)
  3 bullfrogs
  A kobold brigand (D:7)
  3 necrophages
  A scorpion (D:7)
  A gnoll sergeant (D:8)
  14 wights
  13 killer bees
  2 howler monkeys
  A crimson imp (D:7)
  8 lava snakes (Volcano)
  4 orc priests
  A gnoll bouda (D:7)
  3 hounds
  Jessica (D:2)
  10 orc wizards
  Terence (D:3)
  12 gnolls
  8 adders
  2 white imps
  2 worms
  2 dart slugs
  58 orcs
  3 endoplasms
  A giant cockroach (D:2)
  5 goblins
  6 hobgoblins
  2 jackals (D:3)
  18 kobolds
  3 ball pythons
  2 bats
  2 rats
248 creatures vanquished.

Vanquished Creatures (others)
  A plant (D:10)
1 creature vanquished.

Grand Total: 249 creatures vanquished

Notes
Turn   | Place    | Note
-------+----------+-------------------------------------------
     0 | D:1      | Harunobu the Minotaur Monk began the quest for the Orb.
     0 | D:1      | Reached XP level 1. HP: 19/19 MP: 0/0
    66 | D:1      | Found a faded altar of an unknown god.
    94 | D:1      | You fall into a shaft and drop 1 floor!
   111 | D:2      | Noticed Jessica
   125 | D:2      | Killed Jessica
   126 | D:2      | Reached skill level 4 in Fighting
   126 | D:2      | Reached XP level 2. HP: 27/27 MP: 1/1
   288 | D:2      | Reached XP level 3. HP: 22/33 MP: 2/2
  1527 | D:3      | Reached XP level 4. HP: 39/41 MP: 3/3
  1806 | D:3      | Reached XP level 5. HP: 43/47 MP: 4/4
  1996 | D:3      | Noticed Terence
  2005 | D:3      | Killed Terence
  2006 | D:3      | Reached skill level 5 in Fighting
  2211 | D:4      | Identified the +8 halberd "Spiderslayer" {elec, Str+2}
  2332 | D:4      | Reached skill level 1 in Polearms
  2361 | D:4      | Reached skill level 5 in Dodging
  2361 | D:4      | Reached XP level 6. HP: 56/56 MP: 5/5
  2379 | D:4      | Found a stormy altar of Qazlal.
  2791 | D:4      | Found Paell's Armour Shop.
  3068 | D:4      | Found a transporter.
  3071 | D:4      | Noticed Smoky173's ghost (amateur DsGl)
  3071 | D:4      | Identified the +0 great mace of Sinukhle {flame, Str+4
                  | Int+3}
  3072 | D:4      | Found a transporter.
  3196 | D:5      | Entered Level 5 of the Dungeon
  3214 | D:5      | Found Tuissaxt's Assorted Antiques.
  3236 | D:5      | Reached skill level 6 in Fighting
  3273 | D:5      | Found an opulent altar of Gozag.
  3306 | D:5      | Reached XP level 7. HP: 63/63 MP: 6/6
  3307 | D:5      | Noticed Menkaure
  3312 | D:5      | Killed Menkaure
  3490 | D:5      | Found a staircase to the Ecumenical Temple.
  3499 | Temple   | Entered the Ecumenical Temple
  3696 | Temple   | Became a worshipper of Warmaster Okawaru
  3696 | Temple   | Reached * piety under Okawaru
  3696 | Temple   | Reached ** piety under Okawaru
  3823 | D:5      | Noticed Pikel
  3839 | D:5      | Killed Pikel
  3839 | D:5      | Reached *** piety under Okawaru
  3840 | D:5      | Reached skill level 7 in Fighting
  3840 | D:5      | Reached XP level 8. HP: 9/73 MP: 7/7
  4061 | D:5      | Found an ancient bone altar of Kikubaaqudgha.
  4061 | D:5      | Found a broken altar of Ashenzari.
  4539 | D:6      | Identified the ring of Lawohoxay {rPois rCorr AC+4 Str+3
                  | Int-3}
  4600 | D:6      | Reached skill level 5 in Stealth
  4713 | D:6      | Reached skill level 5 in Polearms
  5167 | D:6      | Identified the +8 rapier "Ilaot" {vorpal, rN+ Dex+4}
  5394 | D:7      | Reached **** piety under Okawaru
  5395 | D:7      | Reached skill level 8 in Fighting
  5400 | D:7      | Reached XP level 9. HP: 68/81 MP: 8/8
  5408 | D:7      | Reached ***** piety under Okawaru
  5728 | D:7      | Found an ornate altar of the Wu Jian Council.
  6137 | D:7      | Found a shadowy altar of Dithmenos.
  6488 | D:4      | Reached skill level 9 in Fighting
  6496 | D:4      | Killed Smoky173's ghost
  6867 | D:8      | Found a hide-covered altar of Uskayaw.
  7304 | D:8      | Found a sparkling altar of Nemelex Xobeh.
  7515 | D:8      | Noticed Erica
  7526 | D:8      | Killed Erica
  7527 | D:8      | Reached XP level 10. HP: 72/92 MP: 9/9
  7532 | D:8      | Reached ****** piety under Okawaru
  7917 | D:9      | Reached skill level 10 in Fighting
  8274 | D:9      | Noticed Psyche
  8279 | D:9      | Killed Psyche
  8402 | D:9      | Identified the +9 dire flail "Duwnut" {flame, rN+ MP+9}
                  | (Okawaru gifted it to you on level 9 of the Dungeon)
  8402 | D:9      | Received a gift from Okawaru
  9162 | D:4      | Bought the +5 plate armour of Resourcefulness {*Corrode
                  | Regen+ Dex+4} for 578 gold pieces
  9299 | D:10     | Entered Level 10 of the Dungeon
  9345 | D:10     | Reached skill level 10 in Dodging
  9417 | D:10     | Found a blossoming altar of Fedhas.
  9452 | D:10     | Found a staircase to the Lair.
  9452 | D:10     | Noticed an oklob plant
  9466 | D:10     | Found a shimmering blue altar of Sif Muna.
  9469 | D:10     | Found a burning altar of Makhleb.
  9500 | D:10     | Found Qytz's Changing Room.
  9633 | D:10     | Reached skill level 11 in Fighting
  9641 | D:10     | Reached XP level 11. HP: 91/102 MP: 10/10
 10018 | D:10     | Killed an oklob plant
 10098 | Lair:1   | Entered Level 1 of the Lair of Beasts
 10703 | Lair:1   | Noticed Maggie
 10712 | Lair:1   | Killed Maggie
 11092 | Lair:2   | Found a dark tunnel.
 11130 | Volcano  | Entered a volcano
 11225 | Volcano  | Identified the +4 great mace of the Lurker {vamp, Fly rC+
                  | Will+} (Okawaru gifted it to you in a volcano)
 11225 | Volcano  | Received a gift from Okawaru
 11275 | Volcano  | Reached skill level 12 in Fighting
 11469 | Volcano  | Noticed an obsidian statue
 11520 | Volcano  | Noticed a centaur warrior
 11525 | Volcano  | Killed a centaur warrior
 11625 | Volcano  | Noticed a hell knight
 11639 | Volcano  | HP: 4/104 [hell knight/+1 scimitar of flaming (13)]
 11639 | Volcano  | Slain by a hell knight

Illustrated notes

Levels and vault maps discovered:
D:1:      amcnicky_arrival_single_pillar, layout_loops_ring,
          ebering_ecumenical_altar_sacrificial
D:2:      layout_basic, kennysheep_generic_room_5, uniq_jessica
D:3:      layout_basic, uniq_terence
D:4:      layout_loops_cross, nicolae_overflow_hidden_temple, serial_shops,
          nicolae_square_shop, gammafunk_ghost_smash
D:5:      layout_cave_pools, nicolae_gozag_cash_rules_everything_around_me,
          nicolae_overflow_squiral, minmay_temple_entry_antechambers,
          serial_shops, shop_fountains, uniq_pikel, uniq_menkaure
D:6:      layout_gridville
D:7:      layout_cave_pods, mainiacjoe_overflow_paths,
          mainiacjoe_overflow_cross_hatched, minmay_fire_ice_demons
D:8:      layout_basic, nemelex_diamond_rough_becter, lemuel_tele_altar,
          chequers_serial_rivers_marsh, dreamdust_wishing_well,
          chequers_arboretum, uniq_erica
D:9:      layout_roguey [special_room_orc], serial_glass, glass_columns_a,
          glass_columns_a, grunt_ministairs_9, uniq_psyche
D:10:     layout_gridville, mainiacjoe_overflow_catwalk_spiral,
          kennysheep_little_box, dpeg_oklobed_lair, skrybe_limestone_x,
          small_statue_alley_a, nicolae_transmutations_shop
Temple:   grunt_temple_mini_profane
Lair:1:   layout_cave_pods, serial_bayou_shore_b, grunt_megastairs_2,
          lemuel_fruit_tree, uniq_maggie
Lair:2:   layout_layer_cave, minmay_shoals_entry_beasts,
          spider_nest_entry_funnel_web, nicolae_volcano_entry_two_sided
Volcano:  volcano_grotto [vgs_trial_by_fire]

Skill      XL: |  1  2  3  4  5  6  7  8  9 10 11 |
---------------+----------------------------------+-----
Fighting       | 4 5 6 7 8 9 11 12 | 12.3
Stealth        | 2 3 4 5 7 8 9 |  9.3
Dodging        | 4 5 6 7 8 10 11 | 11.3
Polearms       | 1 2 4 6 8 9 |  9.1
Maces & Flails | |  3.6

Action                   |  1- 3 |  4- 6 |  7- 9 | 10-12 || total
-------------------------+-------+-------+-------+-------++-------
Melee: Mace              |    30 |       |       |       ||    30
       Headbutt          |     5 |    17 |    24 |    46 ||    92
       Scimitar          |    24 |    23 |       |       ||    47
       Punch             |     1 |       |       |       ||     1
       Short sword       |       |    30 |       |       ||    30
       Halberd           |       |    50 |   152 |    65 ||   267
       Dire flail        |       |       |       |   159 ||   159
Invok: Heroism           |       |       |       |     2 ||     2
       Finesse           |       |       |       |     1 ||     1
  Use: Scroll            |       |       |       |    18 ||    18
       Potion            |       |       |       |     3 ||     3
 Stab: Sleeping          |       |       |     1 |       ||     1
Armor: Scale mail        |    24 |    19 |    50 |    20 ||   113
       Plate armour      |       |       |       |    64 ||    64
Dodge: Dodged            |    29 |    58 |   169 |   206 ||   462

Table legend: (Time is in decaauts)
 A = Elapsed time spent in this place.
 B = Non-inter-level travel time spent in this place.
 C = Inter-level travel time spent in this place.
 D = Time resting spent in this place.
 E = Time spent auto-exploring this place.
 F = Levels seen in this place.
 G = Mean time per level.
                   A        B        C        D        E       F      G
               +--------+--------+--------+--------+--------+-----+--------+
         Total |  11753 |  10888 |    865 |   2296 |   6272 |  14 |  839.5 |
       Dungeon |   9985 |   9221 |    764 |   2050 |   5290 |  10 |  998.5 |
        Temple |    221 |    179 |     42 |      0 |    156 |   1 |  221.0 |
          Lair |   1035 |    976 |     59 |    118 |    710 |   2 |  517.5 |
       Volcano |    511 |    511 |      0 |    128 |    116 |   1 |  511.0 |
               +--------+--------+--------+--------+--------+-----+--------+

Top non-repeatable levels by time:
     D:4: 1304 daAuts
     D:2: 1252 daAuts
     D:8: 1241 daAuts
     D:9: 1141 daAuts
     D:7: 1115 daAuts
     D:6: 1082 daAuts
     D:5: 1062 daAuts
  Lair:1: 991 daAuts
     D:3: 883 daAuts
    D:10: 806 daAuts
 Volcano: 511 daAuts
  Temple: 221 daAuts
     D:1: 94 daAuts
  Lair:2: 43 daAuts
